 Dungeon Crawl Stone Soup version 0.22.1-2-g9c5b331 (webtiles) character file.

459 whitewolfNL the Cudgeler (level 6, -1/56 HPs)
             Began as a Minotaur Berserker on Nov 27, 2018.
             Was a Believer of Trog.
             Slain by an ogre
             ... wielding the +8 great mace of Onaafraj {venom, +Inv Str+3 Int+3 Dex+2}
              (33 damage)
             ... on level 3 of the Dungeon.
             The game lasted 00:10:56 (3132 turns).

whitewolfNL the Cudgeler (Minotaur Berserker)       Turns: 3132, Time: 00:10:57

Health: -1/56      AC: 11    Str: 22    XL:     6   Next: 78%
Magic:  5/5        EV: 12    Int:  5    God:    Trog [**....]
Gold:   236        SH:  0    Dex: 10    Spells: 5/5 levels left

rFire    . . .     SeeInvis .   e - +1 mace (holy)
rCold    . . .     Gourm    .   (no shield)
rNeg     . . .     Faith    +   r - +2 ring mail {rPois}
rPois    +         Spirit   .   (helmet restricted)
rElec    .         Reflect  .   v - +2 cloak
rCorr    .         Harm     .   (no gloves)
MR       .....                  (no boots)
Stlth    +.........             o - amulet of faith
HPRegen  0.18/turn              (no ring)
MPRegen  0.09/turn              (no ring)

@: berserk cooldown, slowed, very slow
A: retaliatory headbutt, horns 2
a: Berserk, Trog's Hand, Renounce Religion


You were on level 3 of the Dungeon.
You worshipped Trog.
Trog was pleased with you.
You were hungry.

You visited 1 branch of the dungeon, and saw 3 of its levels.

You collected 236 gold pieces.

Inventory:

Hand Weapons
 e - a +1 mace of holy wrath (weapon)
 m - a +0 scythe
 s - a +0 flail
Missiles
 l - 109 stones (quivered)
 p - 29 arrows
Armour
 r - a +2 ring mail of poison resistance (worn)
 v - a +2 cloak (worn)
Magical Staves
 u - an uncursed staff of cold
Jewellery
 o - an amulet of faith (around neck)
Wands
 q - a wand of random effects (27)
Scrolls
 d - a scroll of teleportation
 f - a scroll of blinking
 i - a scroll of remove curse
Potions
 b - a potion of curing {unknown}
 g - a potion of flight {unknown}
 h - 4 potions of might
 j - a potion of berserk rage {unknown}
Comestibles
 c - 8 rations


   Skills:
 + Level 5.0 Fighting
 * Level 6.9 Maces & Flails
 * Level 4.0 Armour
 * Level 3.2 Dodging
 * Level 1.6 Stealth


You had 5 spell levels left.
You didn't know any spells.
Your spell library was empty.

Dungeon Overview and Level Annotations

Branches:
Dungeon (3/15)

Altars:

Annotations:
D:3 1 transporter, bmj180's ghost, amateur MiMo


Innate Abilities, Weirdness & Mutations

You reflexively headbutt those who attack you in melee.
You have a pair of horns on your head.


Message History

Your Armour skill increases to level 4!
You are no longer berserk.
You are exhausted.
You feel yourself slow down. Bmj180's ghost hits you.
You hit the ogre.
The ogre is lightly wounded.
The ogre barely misses you.
Bmj180's ghost hits you but does no damage.
Bmj180's ghost barely misses you. You furiously retaliate!
You headbutt bmj180's ghost.
The ogre hits you with a twisted great mace {venom}!
You hit bmj180's ghost.
Bmj180's ghost convulses.
You headbutt bmj180's ghost.
Bmj180's ghost is moderately damaged.
Bmj180's ghost hits you. The ogre misses you.
Bmj180's ghost hits you but does no damage.
You barely miss bmj180's ghost.
Bmj180's ghost is moderately damaged.
The ogre hits you with a twisted great mace {venom}!!
Ouch! That really hurt!
You die...

...# #.#.#........##)##.#
...###########.#.#........##.##.#
...............#.#........##..#.#
.^..###..###.#.#.#........##..#.#
....###..###.#.#.########.##..#.#
...............#.# ###.##..#.#
..........#############..........
....###..##.....©.....#..........
....###.)##.#..#@#..#.###.##....#
..........#..##OW.##..#.........#
...#.##..##..##.).##..#.........#
...#......#.#..#.#..#.##.###....#
...####..##....?$....©##.###....#
..........##############........#
.>.####).#.....©.©..............#
.#.........##.#...##.#.#####.#..#
.#.####..#.##.##..##.............


You could see an ogre and bmj180's ghost.

Vanquished Creatures
  Sigmund (D:2)
  An ogre (D:3)
  Crazy Yiuf (D:3)
  Ijyb (D:3)
  An orc wizard (D:3)
  5 adders
  2 oozes
  5 worms
  A dart slug (D:1)
  4 leopard geckos
  2 orcs (D:3)
  6 giant cockroaches
  5 goblins
  6 hobgoblins
  A quokka (D:3)
  8 bats
  3 frilled lizards
  11 kobolds
  A quokka skeleton (D:2)
  9 rats
74 creatures vanquished.

Notes
Turn   | Place    | Note
-------+----------+-------------------------------------------
     0 | D:1      | whitewolfNL the Minotaur Berserker began the quest for the
                  | Orb.
     0 | D:1      | Reached XP level 1. HP: 19/19 MP: 0/0
    25 | D:1      | Reached XP level 2. HP: 22/27 MP: 1/1
   396 | D:1      | Reached skill level 4 in Maces & Flails
   799 | D:1      | Reached XP level 3. HP: 33/33 MP: 2/2
  1026 | D:2      | Reached ** piety under Trog
  1450 | D:2      | Reached XP level 4. HP: 37/41 MP: 3/3
  1510 | D:2      | Noticed Sigmund
  1518 | D:2      | Killed Sigmund
  1518 | D:2      | Reached skill level 6 in Maces & Flails
  1518 | D:2      | Reached skill level 1 in Stealth
  1518 | D:2      | Reached XP level 5. HP: 47/47 MP: 4/4
  2137 | D:3      | Reached XP level 6. HP: 53/55 MP: 5/5
  2200 | D:3      | Found a transporter.
  2200 | D:3      | Noticed bmj180's ghost (amateur MiMo)
  2205 | D:3      | Found a transporter.
  2220 | D:3      | Noticed Ijyb
  2225 | D:3      | Killed Ijyb
  2771 | D:3      | Found a runed door.
  2775 | D:3      | Noticed Crazy Yiuf
  2778 | D:3      | Killed Crazy Yiuf
  3128 | D:3      | Reached skill level 5 in Fighting
  3132 | D:3      | Identified the +8 great mace of Onaafraj {venom, +Inv Str+3
                  | Int+3 Dex+2}
  3132 | D:3      | Slain by an ogre

Skill      XL: |  1  2  3  4  5  6 |
---------------+-------------------+-----
Fighting       | 4 5 |  5.0
Maces & Flails | 4 6 |  6.9
Armour         | 3 4 |  4.0
Stealth        | 1 |  1.6
Dodging        | 3 |  3.2

Action                   |  1- 3 |  4- 6 || total
-------------------------+-------+-------++-------
Melee: Mace              |    38 |    75 ||   113
       Headbutt          |     6 |    13 ||    19
       Whip              |    51 |     5 ||    56
Invok: Berserk           |     1 |     6 ||     7
  Use: Scroll            |       |     4 ||     4
  Eat: Chunk             |     2 |    11 ||    13
Armor: Animal skin       |     2 |       ||     2
       Ring mail         |     9 |    22 ||    31
Dodge: Dodged            |    45 |    57 ||   102
